 Dungeon Crawl Stone Soup version 0.22.1-1-ga44c0e56f4 (webtiles) character file.

287 Magicdude the Slinger (level 6, 0/41 HPs)
             Began as a Halfling Hunter on Sept 29, 2018.
             Was an Initiate of Cheibriados.
             Slain by Grinder (3 damage)
             ... on level 3 of the Dungeon.
             The game lasted 00:26:02 (1411 turns).

Magicdude the Slinger (Halfling Hunter)             Turns: 1411, Time: 00:26:03

Health: 0/41       AC: 11    Str: 14    XL:     6   Next: 56%
Magic:  6/6        EV: 15    Int: 10    God:    Cheibriados [......]
Gold:   37         SH:  0    Dex: 18    Spells: 5/5 levels left

rFire    . . .     SeeInvis .   o - +1 dagger (protect)
rCold    + . .     Gourm    .   (shield restricted)
rNeg     . . .     Faith    .   c - +1 leather armour
rPois    .         Spirit   .   (no helmet)
rElec    .         Reflect  .   (no cloak)
rCorr    .         Harm     .   (no gloves)
MR       .....                  (no boots)
Stlth    ++........             r - amulet of magic regeneration
HPRegen  0.13/turn              g - ring of protection from cold
MPRegen  0.35/turn              (no ring)

@: protection aura, very slow
A: small, mutation resistance 1
a: Bend Time, Renounce Religion


You were on level 3 of the Dungeon.
You worshipped Cheibriados.
Cheibriados was noncommittal.
You were not hungry.

You visited 1 branch of the dungeon, and saw 4 of its levels.

You collected 37 gold pieces.

Inventory:

Hand Weapons
 a - a +5 hunting sling
 b - a +0 short sword
 e - a +0 hand axe
 j - a +0 whip
 l - a +0 club
 o - a +1 dagger of protection (weapon)
Missiles
 h - 76 stones (quivered)
 q - 13 poisoned needles
Armour
 c - a +1 leather armour (worn)
 i - a +0 leather armour
 k - a +0 ring mail
 n - a +0 leather armour
 p - a +0 robe
 x - a +0 shield
Jewellery
 g - a ring of protection from cold (left hand)
 r - an amulet of magic regeneration (around neck)
Wands
 u - a wand of disintegration (8)
Potions
 m - a potion of invisibility
 t - a potion of agility
 w - a potion of curing {unknown}
Comestibles
 f - a ration


   Skills:
 + Level 2.8 Fighting
 + Level 2.0 Short Blades
 + Level 8.7 Slings
 + Level 1.8 Armour
 + Level 2.6 Dodging
 + Level 1.3 Stealth
 + Level 0.7 Invocations


You had 5 spell levels left.
You didn't know any spells.
Your spell library contained the following spells:

 Spells                   Type           Power        Failure   Level  Hunger
 Confusing Touch          Hex            #.....       43%         1    ##.....
 Confuse                  Hex            #.......     80%         3    ####...
 Gell's Gravitas          Tloc           #.........   80%         3    ####...
 Petrify                  Tmut/Erth      #.......     99%         4    #####..
 Metabolic Englaciation   Hex/Ice        #.........   100%        5    ######.
 Yara's Violent Unravell  Hex/Tmut       #.........   100%        5    ######.


Dungeon Overview and Level Annotations

Branches:
Dungeon (4/15)
 Temple: D:4-7

Altars:
Cheibriados
Fedhas
Yredelemnul

Annotations:
D:3 Grinder


Innate Abilities, Weirdness & Mutations

You are small and have problems with some larger weapons.
You are somewhat resistant to further mutation.


Message History

Grinder hits you.
* * * LOW HITPOINT WARNING * * *
You writhe in agony.
* * * LOW HITPOINT WARNING * * *
Grinder misses you.
There is a stone staircase leading up here.
Grinder completely misses you.
You climb upwards.
Found 3 steel tomahawks and a leather armour.
There is a stone staircase leading down here.
Grinder gestures at you.
You suddenly lose the ability to move!
Grinder gestures at you.
You shrug off the repeated paralysis!
You can move again.
You hit Grinder.
Your weapon exudes an aura of protection.
Grinder is moderately wounded.
Grinder hits you.
You die...

##### #....
#.#.#####
#.#.....#
#.#>#.###
#.#.....#
#.#5###(##
#.@........
###[..#####
#####


You could see Grinder.

Vanquished Creatures
  A phantom (D:4)
  A howler monkey (D:4)
  Ijyb (D:2)
  Jessica (D:3)
  2 worker ants (D:4)
  3 adders
  An ooze (D:3)
  2 worms (D:2)
  A dart slug (D:2)
  A leopard gecko (D:2)
  A ball python (D:2)
  2 giant cockroaches
  2 goblins (D:2)
  4 hobgoblins
  A quokka (D:3)
  3 bats
  A frilled lizard (D:2)
  A kobold (D:2)
  A leopard gecko skeleton (D:4)
  6 rats
36 creatures vanquished.

Notes
Turn   | Place    | Note
-------+----------+-------------------------------------------
     0 | D:1      | Magicdude the Halfling Hunter began the quest for the Orb.
     0 | D:1      | Reached XP level 1. HP: 14/14 MP: 1/1
   135 | D:1      | Reached skill level 6 in Slings
   194 | D:2      | Reached XP level 2. HP: 19/19 MP: 2/2
   219 | D:2      | Found a snail-covered altar of Cheibriados.
   236 | D:2      | Became a worshipper of Cheibriados the Contemplative
   351 | D:2      | Reached XP level 3. HP: 24/24 MP: 3/3
   471 | D:2      | Reached skill level 1 in Armour
   601 | D:3      | Noticed Ijyb
   619 | D:3      | Paralysed by Ijyb for 4 turns
   643 | D:2      | Paralysed by Ijyb for 2 turns
   652 | D:2      | Paralysed by Ijyb for 7 turns
   680 | D:2      | Killed Ijyb
   680 | D:2      | Reached skill level 7 in Slings
   680 | D:2      | Reached XP level 4. HP: 3/29 MP: 4/4
   971 | D:3      | Noticed Jessica
   974 | D:3      | Killed Jessica
  1010 | D:3      | Reached XP level 5. HP: 35/35 MP: 5/5
  1125 | D:4      | Found a blossoming altar of Fedhas.
  1135 | D:4      | Reached skill level 1 in Short Blades
  1211 | D:4      | Noticed a phantom
  1250 | D:4      | Killed a phantom
  1250 | D:4      | Reached skill level 8 in Slings
  1250 | D:4      | Reached XP level 6. HP: 27/41 MP: 6/6
  1282 | D:4      | Found a basalt altar of Yredelemnul.
  1366 | D:4      | Noticed Grinder
  1372 | D:4      | Paralysed by Grinder for 5 turns
  1389 | D:4      | Paralysed by Grinder for 3 turns
  1395 | D:4      | Paralysed by Grinder for 5 turns
  1402 | D:4      | HP: 2/41 [Grinder (4)]
  1408 | D:3      | Paralysed by Grinder for 2 turns
  1411 | D:3      | Slain by Grinder

Skill      XL: |  1  2  3  4  5 |
---------------+----------------+-----
Slings         | 6 7 8 |  8.7
Armour         | 1 |  1.8
Fighting       | 2 |  2.8
Short Blades   | 2 |  2.0
Dodging        | |  2.6
Stealth        | |  1.3
Invocations    | |  0.7

Action                   |  1- 3 |  4- 6 || total
-------------------------+-------+-------++-------
Melee: Short sword       |    37 |     4 ||    41
       Dagger            |       |    31 ||    31
 Fire: Hunting sling     |    69 |    30 ||    99
Throw: Stone             |     1 |       ||     1
Invok: Bend Time         |     1 |       ||     1
  Use: Scroll            |     3 |     5 ||     8
       Potion            |       |     1 ||     1
  Eat: Ration            |       |     1 ||     1
Armor: Leather armour    |    19 |     9 ||    28
Dodge: Dodged            |    42 |    24 ||    66
